 Dungeon Sprint DCSS version 0.31-a0-949-g57150269e1 (webtiles) character file.

Game seed: 3260927224974299053

5500000 dialectric the Axe Maniac (level 27, -21/249 HPs)
             Began as a Formicid Gladiator on Oct 22, 2023.
             Was the Champion of Makhleb.
             Demolished by The Servant
             ... wielding a +9 glaive of flaming
              (111 damage)
             ... in the Dungeon (Sprint VIII: "Arena of Blood").
             The game lasted 00:02:33 (55 turns).

dialectric the Axe Maniac (Formicid Gladiator)        Turns: 55, Time: 00:02:33

Health: -21/249    AC:  6    Str: 30    XL:     27
Magic:  25/48      EV: 27    Int: 11    God:    Makhleb [******]
Gold:   0          SH:  0    Dex: 15    Spells: 68/68 levels left

rFire   . . .        h - +∞ Axe of Woe
rCold   . . .        (no shield)
rNeg    . . .        b - +0 leather armour
rPois   .            (helmet unavailable)
rElec   .            (no cloak)
rCorr   .            (no gloves)
SInv    +            (no boots)
Will    ++...        (no amulet)
Stlth   +++++++++    (no ring)
HPRegen 0.61/turn    (no ring)
MPRegen 0.31/turn

%: no passive effects
@: no status effects
A: permanent stasis, dig shafts and tunnels, antennae 3, four strong arms
a: Dig, Renounce Religion, Minor Destruction, Lesser Servant of Makhleb, Major
Destruction, Greater Servant of Makhleb


You were in the Dungeon.
You worshipped Makhleb.
Makhleb was exalted by your worship.
You visited 1 branch

Inventory:

Hand Weapons
 a - a +0 war axe
 h - the +∞ Axe of Woe (weapon)
   (You found it in the Dungeon)
Missiles
 c - 3 throwing nets (quivered)
 d - a javelin
Armour
 b - a +0 leather armour (worn)
Potions
 e - a potion of curing
 f - a potion of heal wounds
 g - 2 potions of magic


   Skills:
 O Level 27 Fighting
 + Level 21.3(24.7) Short Blades
 + Level 21.3(24.7) Long Blades
 O Level 27 Axes
 + Level 21.3(27) Maces & Flails
 + Level 21.3(27) Polearms
 + Level 21.3(27) Staves
 + Level 21.3 Ranged Weapons
 O Level 27 Throwing
 O Level 27 Armour
 O Level 27 Dodging
 + Level 26.7 Stealth
 + Level 26.7 Shields
 + Level 21.3 Unarmed Combat
 + Level 21.3 Spellcasting
 + Level 19.7 Conjurations
 + Level 24.8 Hexes
 + Level 23.5 Summonings
 + Level 21.3 Necromancy
 + Level 19.7 Translocations
 + Level 23.0 Transmutations
 + Level 21.3 Fire Magic
 + Level 21.3 Ice Magic
 + Level 18.2 Air Magic
 + Level 24.8 Earth Magic
 + Level 26.7 Poison Magic
 O Level 27 Invocations
 + Level 25.3 Evocations
 + Level 23.5 Shapeshifting


You had 68 spell levels left.
You didn't know any spells.
Your spell library was empty.

Dungeon Overview and Level Annotations

Branches:
Dungeon (1/1)

Altars:
Makhleb

Annotations:
D The Servant


Innate Abilities, Weirdness & Mutations

You cannot be hasted, slowed, berserked, paralysed or teleported.
You can dig through walls and to a lower floor.
You have a pair of large antennae on your head. (SInv)
Your four strong arms can wield two-handed weapons with a shield.


Message History

A bag of meat and a meat berserker come into view.
The meat berserker appears out of thin air!
A meat berserker comes into view. It is wielding a +9 battleaxe. x2
The bag of meat hits you with a +9 war axe!
The destroyer gestures at you while chanting.
The destroyer blinks!
The bag of meat is engulfed in blazing flames.
A destroyer comes into view. It is wielding a +9 heavy great sword.
An eight-headed meat hydra comes into view.
A sculptor of flesh comes into view. It is wielding a +9 great sword.
The destroyer casts a spell at you.
The destroyer blinks!
Items here: )))))))) ========.
Unknown command.
Unknown command.
The eight-headed meat hydra roars!
The meat berserker shouts!
You hit the bag of meat but do no damage.
You pulverise the bag of meat into a thin bloody mist.
You kill the bag of meat!
Makhleb accepts your kill.
You dice the meat berserker like an onion!!!
You cleave the meat berserker in twain.
You kill the meat berserker!
Makhleb accepts your kill.
You feel better.
You slice the bag of meat!!
You slaughter the bag of meat joyfully.
You kill the bag of meat!
Makhleb accepts your kill.
You feel better.
A bag of meat comes into view. It is wielding a +9 war axe.
The destroyer is engulfed in blazing flames.
The destroyer gestures at you while chanting.
The destroyer blinks!
The eight-headed meat hydra calls on the powers of darkness!
The eight-headed meat hydra convulses!
The bag of meat convulses!
The meat berserker convulses!
The bag of meat convulses! x2
The meat berserker convulses!
The bag of meat convulses! x3
Your body is wracked with pain!
The Servant hits you from afar with a +9 glaive of flaming!!!!
You die... oo.o

....... ,,...#.........
###O.o#X.X.........
.###...O..#OL..........
.#z..........oVD........
.....#..ooz{.§....o.....
......#Voo°)...#.......#{
..O.....o#))...#.......#
......#V@V)))###.......##
#....V)))).).))..###....
##...)@)°#))))...._.....
#§.☼.O#.......#.....#.
...###o.........#_.<._#
.. .o..#.......#.....# .
,○○☼...#........_.....
,o..............###....
°..........###.... ..##


You could see The Servant, an eight-headed meat hydra, 5 destroyers, 2 sculptors
of flesh, 2 large abominations, 5 meat berserkers and 10 bags of meat.

Vanquished Creatures
  10 vampire knights (D)
  28 ogres (D)
  5 two-headed ogres (D)
  A hydra (D)
  77 orcs (D)
  4 skeletal warriors (D)
125 creatures vanquished.

Vanquished Creatures (others)
  A two-headed ogre (D)
  2 orcs (D)
3 creatures vanquished.

Grand Total: 128 creatures vanquished

Notes
Turn   | Place    | Note
-------+----------+-------------------------------------------
     0 | D        | Found the +∞ Axe of Woe
     0 | D        | dialectric the Formicid Gladiator began the quest for the
                  | Orb.
     0 | D        | Reached XP level 1. HP: 16/16 MP: 1/1
     3 | D        | Noticed a meat berserker
     4 | D        | Became a worshipper of Makhleb the Destroyer
     4 | D        | Noticed a bag of meat
     6 | D        | Noticed a bag of meat
     6 | D        | Noticed a bag of meat
     6 | D        | Noticed a bag of meat
     6 | D        | Noticed a bag of meat
     6 | D        | Noticed a bag of meat
     6 | D        | Noticed a bag of meat
     7 | D        | Noticed a bag of meat
     8 | D        | Noticed a bag of meat
     8 | D        | Noticed a bag of meat
     8 | D        | Noticed a meat berserker
     9 | D        | Killed a meat berserker
    10 | D        | Reached skill level 10 in Throwing
    10 | D        | Reached XP level 2. HP: 37/39 MP: 2/2
    10 | D        | Reached XP level 3. HP: 42/45 MP: 3/3
    10 | D        | Reached XP level 4. HP: 49/52 MP: 4/4
    10 | D        | Reached XP level 5. HP: 55/58 MP: 5/5
    10 | D        | Reached XP level 6. HP: 61/65 MP: 6/6
    10 | D        | Reached XP level 7. HP: 67/71 MP: 7/7
    10 | D        | Reached XP level 8. HP: 73/77 MP: 8/8
    10 | D        | Reached XP level 9. HP: 78/83 MP: 9/9
    10 | D        | Reached XP level 10. HP: 85/90 MP: 10/10
    10 | D        | Reached XP level 11. HP: 91/96 MP: 11/11
    10 | D        | Reached XP level 12. HP: 98/103 MP: 12/12
    10 | D        | Killed a bag of meat
    10 | D        | Reached * piety under Makhleb
    10 | D        | Killed a bag of meat
    11 | D        | Reached XP level 13. HP: 114/114 MP: 13/13
    11 | D        | Noticed a bag of meat
    11 | D        | Noticed a bag of meat
    11 | D        | Noticed a meat berserker
    12 | D        | Noticed a meat berserker
    12 | D        | Killed a bag of meat
    12 | D        | Killed a bag of meat
    12 | D        | Reached ** piety under Makhleb
    13 | D        | Reached skill level 15 in Fighting
    13 | D        | Reached XP level 14. HP: 56/124 MP: 14/14
    13 | D        | Killed a meat berserker
    13 | D        | Killed a bag of meat
    13 | D        | Noticed a bag of meat
    14 | D        | Reached XP level 15. HP: 106/136 MP: 15/15
    14 | D        | Killed a meat berserker
    14 | D        | Reached *** piety under Makhleb
    14 | D        | Noticed a meat berserker
    15 | D        | Reached skill level 27 in Axes
    15 | D        | Reached skill level 15 in Throwing
    15 | D        | Reached XP level 16. HP: 148/148 MP: 16/16
    15 | D        | Noticed a meat berserker
    15 | D        | Noticed a meat berserker
    16 | D        | Noticed a meat berserker
    16 | D        | Noticed a destroyer
    17 | D        | Noticed a meat berserker
    17 | D        | Killed a meat berserker
    17 | D        | Reached **** piety under Makhleb
    18 | D        | Reached skill level 27 in Dodging
    18 | D        | Reached XP level 17. HP: 171/171 MP: 17/17
    18 | D        | Killed a destroyer
    18 | D        | Reached ***** piety under Makhleb
    18 | D        | Killed a meat berserker
    18 | D        | Noticed a meat berserker
    18 | D        | Noticed a meat berserker
    19 | D        | Reached skill level 27 in Fighting
    19 | D        | Reached XP level 18. HP: 182/182 MP: 18/18
    19 | D        | Noticed a meat berserker
    19 | D        | Noticed a meat berserker
    19 | D        | Noticed a large bag of meat
    19 | D        | Noticed a meat berserker
    20 | D        | Killed a meat berserker
    21 | D        | Reached skill level 27 in Throwing
    21 | D        | Reached XP level 19. HP: 189/189 MP: 19/19
    22 | D        | Reached skill level 27 in Armour
    22 | D        | Noticed a meat berserker
    22 | D        | Noticed a meat berserker
    23 | D        | Killed a meat berserker
    23 | D        | Reached ****** piety under Makhleb
    23 | D        | Killed a meat berserker
    23 | D        | Noticed a large bag of meat
    23 | D        | Noticed a destroyer
    24 | D        | Reached skill level 5 in Air Magic
    24 | D        | Reached XP level 20. HP: 133/197 MP: 19/30
    24 | D        | Noticed a destroyer
    24 | D        | Killed a meat berserker
    24 | D        | Killed a meat berserker
    24 | D        | Killed a meat berserker
    25 | D        | Reached skill level 10 in Hexes
    25 | D        | Reached skill level 10 in Earth Magic
    25 | D        | Reached skill level 10 in Evocations
    25 | D        | Reached XP level 21. HP: 204/204 MP: 19/33
    26 | D        | Reached skill level 10 in Ranged Weapons
    26 | D        | Reached skill level 10 in Transmutations
    26 | D        | Killed a large bag of meat
    26 | D        | Killed a meat berserker
    26 | D        | Killed a meat berserker
    26 | D        | Noticed a destroyer
    27 | D        | Reached skill level 15 in Stealth
    27 | D        | Reached skill level 15 in Shields
    27 | D        | Reached skill level 10 in Conjurations
    27 | D        | Reached skill level 10 in Translocations
    27 | D        | Reached skill level 10 in Air Magic
    27 | D        | Reached skill level 15 in Poison Magic
    27 | D        | Reached skill level 15 in Invocations
    27 | D        | Reached XP level 22. HP: 164/212 MP: 19/37
    27 | D        | Killed a destroyer
    27 | D        | Killed a meat berserker
    28 | D        | Reached skill level 15 in Hexes
    28 | D        | Reached skill level 15 in Earth Magic
    28 | D        | Reached XP level 23. HP: 210/219 MP: 19/40
    28 | D        | Noticed a large bag of meat
    29 | D        | Reached skill level 15 in Summonings
    29 | D        | Reached skill level 15 in Transmutations
    29 | D        | Reached skill level 15 in Shapeshifting
    29 | D        | Noticed a destroyer
    29 | D        | Noticed a large bag of meat
    31 | D        | Reached skill level 15 in Short Blades
    31 | D        | Reached skill level 15 in Long Blades
    31 | D        | Reached skill level 15 in Maces & Flails
    31 | D        | Reached skill level 15 in Polearms
    31 | D        | Reached skill level 15 in Staves
    31 | D        | Reached skill level 15 in Ranged Weapons
    31 | D        | Reached skill level 15 in Unarmed Combat
    31 | D        | Reached skill level 15 in Spellcasting
    31 | D        | Reached skill level 15 in Necromancy
    31 | D        | Reached skill level 15 in Fire Magic
    31 | D        | Reached skill level 15 in Ice Magic
    31 | D        | Reached XP level 24. HP: 227/227 MP: 20/42
    31 | D        | Noticed The Servant
    31 | D        | Noticed a large bag of meat
    32 | D        | Noticed a destroyer
    32 | D        | Killed a large bag of meat
    32 | D        | Noticed a large bag of meat
    33 | D        | Killed a large bag of meat
    34 | D        | Noticed a destroyer
    36 | D        | Reached XP level 25. HP: 159/234 MP: 21/42
    37 | D        | Noticed a destroyer
    37 | D        | Killed a destroyer
    37 | D        | Killed a destroyer
    38 | D        | Reached skill level 15 in Conjurations
    38 | D        | Reached skill level 15 in Translocations
    39 | D        | Killed a large bag of meat
    40 | D        | Reached XP level 26. HP: 92/242 MP: 22/44
    40 | D        | Killed a destroyer
    40 | D        | Noticed a destroyer
    41 | D        | Reached skill level 15 in Air Magic
    41 | D        | Killed a large bag of meat
    42 | D        | Killed a destroyer
    42 | D        | Killed a large bag of meat
    45 | D        | Reached XP level 27. HP: 119/249 MP: 23/46
    45 | D        | Killed a destroyer
    45 | D        | Noticed a destroyer
    45 | D        | Noticed a destroyer
    47 | D        | Noticed a destroyer
    49 | D        | Killed a destroyer
    51 | D        | Noticed a destroyer
    52 | D        | Killed a destroyer
    52 | D        | Noticed a tyrant
    52 | D        | Noticed a destroyer
    53 | D        | Killed a destroyer
    54 | D        | Reached skill level 27 in Invocations
    54 | D        | Noticed a destroyer
    55 | D        | Demolished by The Servant

Illustrated notes

Levels and vault maps discovered:
D:        meatsprint

Skill      XL: |  1  2  3  4  5  6  7  8  9 10 11 12 13 14 15 16 17 18 19 20 21 22 23 24 25 26 27 |
---------------+----------------------------------------------------------------------------------+-----
Fighting       | 12 14 15 17 20 26 27 | 27.0
Axes           | 19 22 24 26 27 | 27.0
Throwing       | 10 11 12 13 15 18 26 27 | 27.0
Dodging        | 16 19 20 22 25 27 | 27.0
Armour         | 2 3 4 6 13 26 27 | 27.0
Short Blades   | 6 8 11 13 15 17 19 21 | 21.3
Long Blades    | 6 8 11 13 15 16 17 19 21 | 21.3
Maces & Flails | 6 8 11 13 15 17 19 21 | 21.3
Polearms       | 6 8 11 13 15 17 19 21 | 21.3
Staves         | 6 8 11 13 15 16 17 19 21 | 21.3
Ranged Weapons | 6 8 11 13 15 16 17 19 21 | 21.3
Stealth        | 8 11 15 17 19 20 22 23 26 | 26.7
Shields        | 8 11 15 17 19 20 22 23 26 | 26.7
Unarmed Combat | 6 8 11 13 15 17 19 21 | 21.3
Spellcasting   | 6 8 11 13 15 17 19 21 | 21.3
Conjurations   | 6 7 10 12 13 14 16 17 19 | 19.7
Hexes          | 8 10 13 15 17 18 20 22 24 | 24.8
Summonings     | 7 9 13 14 16 17 19 21 23 | 23.5
Necromancy     | 6 8 11 13 15 16 17 19 21 | 21.3
Translocations | 6 7 10 12 13 14 16 17 19 | 19.7
Transmutations | 7 9 12 14 16 17 18 20 23 | 23.0
Fire Magic     | 6 8 11 13 15 17 19 21 | 21.3
Ice Magic      | 6 8 11 13 15 16 17 19 21 | 21.3
Air Magic      | 5 7 10 11 12 13 14 16 18 | 18.2
Earth Magic    | 8 10 13 15 17 18 20 22 24 | 24.8
Poison Magic   | 8 11 15 17 19 20 22 23 26 | 26.7
Invocations    | 9 11 15 17 19 20 22 24 27 | 27.0
Evocations     | 8 10 14 16 18 19 20 22 25 | 25.3
Shapeshifting  | 7 9 13 14 16 17 19 21 23 | 23.5

Action                     |  1- 3 |  4- 6 |  7- 9 | 10-12 | 13-15 | 16-18 | 19-21 | 22-24 | 25-27 || total
---------------------------+-------+-------+-------+-------+-------+-------+-------+-------+-------++-------
  Melee: Executioner's axe |     1 |       |       |     1 |     3 |     3 |     5 |     7 |    18 ||    38
 Armour: Leather armour    |     1 |       |       |       |     1 |     2 |     6 |    10 |    25 ||    45
  Dodge: Dodged            |       |       |       |       |       |     1 |     1 |     1 |     1 ||     4

Table legend: (Time is in decaauts)
 A = Elapsed time spent in this place.
 B = Non-inter-level travel time spent in this place.
 C = Inter-level travel time spent in this place.
 D = Time resting spent in this place.
 E = Time spent auto-exploring this place.
 F = Levels seen in this place.
 G = Mean time per level.
                   A        B        C        D        E       F      G
               +--------+--------+--------+--------+--------+-----+--------+
         Total |     44 |     44 |      0 |      0 |      0 |   1 |   44.0 |
       Dungeon |     44 |     44 |      0 |      0 |      0 |   1 |   44.0 |
               +--------+--------+--------+--------+--------+-----+--------+

Top non-repeatable levels by time:
       D: 44 daAuts
